 Dungeon Crawl Stone Soup version 0.18.1-47-g9310371 (webtiles) character file.

2715 sveltemanboy the Basher (level 9, -2/97 HPs)
             Began as an Ogre Hunter on June 19, 2016.
             Was an Initiate of Okawaru.
             Slain by an orc wizard
             ... wielding a +0 dagger
              (5 damage)
             ... on level 7 of the Dungeon.
             The game lasted 00:30:18 (9786 turns).

sveltemanboy the Basher (Ogre Hunter)               Turns: 9786, Time: 00:30:19

Health: -2/97      AC:  0    Str: 21    XL:     9   Next: 66%
Magic:  8/8        EV:  8    Int: 10    God:    Okawaru [......]
Gold:   248        SH:  9    Dex: 13    Spells: 0 memorised, 8 levels left

rFire  . . .     SeeInvis .     C - +0 flail (crush)
rCold  . . .     Gourm    .     t - +2 robe {rN+}
rNeg   + . .     Faith    .     l - +0 shield
rPois  .         Spirit   .     A - +2 hat
rElec  .         Dismiss  .     (no cloak)
rCorr  .         Reflect  .     (gloves unavailable)
SustAt .         Harm     +     (boots unavailable)
MR     .....                    p - amulet of harm
Stlth  +.........               (no ring)
                                (no ring)

@: corroded, not resistant to hostile enchantments, very unstealthy
A: unfitting armour, agile 1, low mp 1, sense surroundings 1, tough skin 1,
sturdy frame 1
a: Renounce Religion


You were on level 7 of the Dungeon.
You worshipped Okawaru.
Okawaru was noncommittal.
You were not hungry.

You visited 2 branches of the dungeon, and saw 8 of its levels.

You collected 386 gold pieces.
You spent 138 gold pieces at shops.

Inventory:

Hand Weapons
 x - a +0 giant spiked club
 C - a +0 flail of crushing (weapon)
Missiles
 a - 264 stones
 d - 3 throwing nets
 i - 3 large rocks
 D - 6 tomahawks (quivered)
Armour
 l - a +0 shield (worn)
 t - a +2 robe of positive energy (worn)
 A - a +2 hat (worn)
Jewellery
 p - an amulet of harm (around neck)
Wands
 b - a wand of hasting (3/9)
 c - a wand of lightning (8/15)
 y - a wand of slowing (30/48)
 F - a wand of polymorph (10/24)
Scrolls
 g - a scroll of teleportation
 k - a scroll of remove curse
 n - 3 scrolls of identify
 q - a scroll of magic mapping
 r - 3 scrolls of amnesia
 s - a scroll of enchant armour
 G - a scroll of noise {unknown}
Potions
 e - a potion of magic {unknown}
 j - 2 potions of invisibility {unknown}
 m - a potion of cancellation {unknown}
 o - 2 potions of ambrosia {unknown}
 u - 2 potions of cure mutation {unknown}
 z - 4 potions of curing
 B - 3 potions of mutation {unknown}
 E - a potion of haste {unknown}
Comestibles
 f - 3 bread rations
 h - a meat ration
 v - 5 fruits
 w - a beef jerky
 H - 4 chunks of flesh


   Skills:
 + Level 8.4 Fighting
 * Level 11.0 Maces & Flails
 - Level 4.0 Throwing
 - Level 4.1 Armour
 - Level 2.1 Dodging
 - Level 0.7 Stealth
 * Level 4.1 Shields
 + Level 1.3 Invocations


You had 8 spell levels left.
You didn't know any spells.

Dungeon Overview and Level Annotations

Branches:
Dungeon (7/15)             Temple (1/1) D:5

Altars:
Ashenzari
Dithmenos
Elyvilon
Fedhas
Kikubaaqudgha
Nemelex Xobeh
Okawaru
Pakellas
Ru
Sif Muna
Trog
Vehumet
Xom
Yredelemnul
Zin
The Shining One

Shops:
D:4 [   D:6 =*


Innate Abilities, Weirdness & Mutations

You are too large for most types of armour.
You have tough skin (AC +1).
You are agile. (Dex +2)
Your magical capacity is low (-10% MP).
You passively map a small area around you.
Your movements are slightly less encumbered by armour (ER -2).


Message History

You block the orc wizard's attack. You block the jelly's attack.
The orc barely misses you. You block the orc's attack.
The orc wizard closely misses you.
Your shield prevents you from hitting the jelly.
The jelly is moderately wounded.
You block the orc wizard's attack. The jelly hits you but does no damage.
The orc hits you with a dagger.
* * * LOW HITPOINT WARNING * * *
The orc hits you with a club.
* * * LOW HITPOINT WARNING * * *
You hit the jelly but do no damage. The acid corrodes you!
Your hands burn!
* * * LOW HITPOINT WARNING * * *
The jelly is moderately wounded.
You block the orc wizard's attack. The jelly hits you.
* * * LOW HITPOINT WARNING * * *
You are splashed with acid!
The acid burns!
* * * LOW HITPOINT WARNING * * *
The orc hits you but does no damage. The orc closely misses you.
The orc wizard hits you with a dagger.
You die...

, ##...........#
, ,
#...........# *
, *
##..........## ,
* #....#......##
, , *
##.##....##... ,
,* ###....##....
* ##....##......
#....#).......
,,
#...##.@o......
,
....#..oJo......
,,
...###..........
..# #..........,
, , ##
##......... , ,
#.......(. *
##.......# * *
.......## *


You could see a jelly, an orc wizard and 2 orcs.

Vanquished Creatures
  Prince Ribbit (D:5)
  Eustachio (D:5)
  Duvessa (D:5)
  2 orc warriors
  A sky beast (D:6)
  An ogre (D:4)
  A phantom (D:4)
  A centaur (D:5)
  A gnoll sergeant (D:4)
  Dowan (D:5)
  2 scorpions
  A crimson imp (D:5)
  A giant frog zombie (D:6)
  A centaur skeleton (D:4)
  5 gnoll shamans (D:4)
  4 orc priests
  2 hounds
  10 orc wizards
  Ijyb (D:2)
  Jessica (D:4)
  An iguana (D:4)
  5 worker ants
  37 gnolls
  9 adders
  A shadow imp (D:6)
  An ooze (D:3)
  2 adder skeletons
  2 dart slugs (D:1)
  A worm (D:3)
  3 giant geckos
  33 orcs
  12 bats
  5 giant cockroaches
  4 hobgoblins
  27 jackals
  15 kobolds
  3 quokkas
  2 ball pythons
  7 giant newts
  9 goblins
  A quokka skeleton (D:4)
  6 rats
225 creatures vanquished.

Notes
Turn   | Place    | Note
--------------------------------------------------------------
     0 | D:1      | sveltemanboy the Ogre Hunter began the quest for the Orb.
     0 | D:1      | Reached XP level 1. HP: 22/22 MP: 1/1
    73 | D:1      | Reached XP level 2. HP: 31/31 MP: 2/2
   565 | D:1      | Reached skill level 1 in Armour
   804 | D:1      | Reached XP level 3. HP: 37/37 MP: 3/3
   898 | D:1      | Reached skill level 1 in Maces & Flails
  1509 | D:2      | Noticed Ijyb
  1512 | D:2      | Killed Ijyb
  1512 | D:2      | Reached skill level 2 in Maces & Flails
  1512 | D:2      | Reached XP level 4. HP: 45/45 MP: 4/4
  1631 | D:2      | Found a glowing golden altar of the Shining One.
  1908 | D:2      | Found Zin's Purification Station.
  1911 | D:2      | Found a glowing silver altar of Zin.
  1978 | D:2      | Bought a potion of curing for 90 gold pieces
  2267 | D:3      | Reached skill level 3 in Maces & Flails
  2278 | D:3      | Reached XP level 5. HP: 26/54 MP: 5/5
  2823 | D:3      | Found a sacrificial altar of Ru.
  3018 | D:3      | Found an oddly glowing altar of Pakellas.
  3211 | D:3      | Reached skill level 4 in Maces & Flails
  3611 | D:4      | Noticed a phantom
  3653 | D:4      | Killed a phantom
  3653 | D:4      | Reached skill level 5 in Fighting
  3653 | D:4      | Reached skill level 5 in Maces & Flails
  3653 | D:4      | Reached XP level 6. HP: 66/66 MP: 6/6
  4118 | D:4      | Found Qusin's Armour Boutique.
  4199 | D:4      | Reached XP level 7. HP: 72/72 MP: 7/7
  4266 | D:4      | Reached skill level 6 in Maces & Flails
  4295 | D:4      | Found an ancient bone altar of Kikubaaqudgha.
  4533 | D:4      | Reached skill level 7 in Maces & Flails
  4957 | D:4      | Noticed Jessica
  4962 | D:4      | Killed Jessica
  4985 | D:4      | Found a deep blue altar of Sif Muna.
  5062 | D:4      | Reached XP level 8. HP: 81/83 MP: 8/8
  5494 | D:4      | Reached skill level 8 in Maces & Flails
  6740 | D:4      | Reached skill level 9 in Maces & Flails
  6992 | D:4      | Reached skill level 1 in Shields
  7118 | D:5      | Entered Level 5 of the Dungeon
  7118 | D:5      | Noticed Duvessa
  7118 | D:5      | Noticed Dowan
  7306 | D:5      | Found a sparkling altar of Nemelex Xobeh.
  7909 | D:5      | Killed Dowan
  7909 | D:5      | Reached XP level 9. HP: 76/93 MP: 9/9
  8028 | D:5      | Noticed Eustachio
  8046 | D:5      | Killed Eustachio
  8046 | D:5      | Reached skill level 10 in Maces & Flails
  8271 | D:5      | Killed Duvessa
  8566 | D:5      | Noticed Prince Ribbit
  8579 | D:5      | Killed Prince Ribbit
  8600 | D:5      | Found a staircase to the Ecumenical Temple.
  8608 | Temple   | Entered the Ecumenical Temple
  8756 | Temple   | Became a worshipper of Warmaster Okawaru
  9142 | D:6      | Found Bourazea's Jewellery Emporium.
  9302 | D:6      | Gained mutation: You are agile. (Dex +2) [mutagenic meat]
  9303 | D:6      | Gained mutation: Your movements are slightly less encumbered by armour (ER -2). [mutagenic meat]
  9304 | D:6      | Gained mutation: You passively map a small area around you. [mutagenic meat]
  9305 | D:6      | Gained mutation: Your magical capacity is low (-10% MP). [mutagenic meat]
  9428 | D:6      | Found Dykask's Desiderata Depot.
  9435 | D:6      | Bought a +0 dire flail for 48 gold pieces
  9546 | D:6      | Reached skill level 1 in Invocations
  9659 | D:6      | Found a white marble altar of Elyvilon.
  9783 | D:7      | Reached skill level 11 in Maces & Flails
  9786 | D:7      | HP: 3/97 [acid (11)]
  9786 | D:7      | Slain by an orc wizard

Skill      XL: |  1  2  3  4  5  6  7  8  9 |
---------------+----------------------------+-----
Fighting       | 3 4 5 6 7 8 |  8.4
Dodging        | 2 |  2.1
Armour         | 1 2 3 4 |  4.1
Maces & Flails | 2 3 5 7 9 11 | 11.0
Shields        | 2 4 |  4.1
Invocations    | 1 |  1.3
Throwing       | |  4.0
Stealth        | |  0.7

Action                   |  1- 3 |  4- 6 |  7- 9 || total
-------------------------+-------+-------+-------++-------
Melee: Unarmed           |    19 |       |       ||    19
       Club              |    89 |   113 |       ||   202
       Flail             |       |    85 |   364 ||   449
Throw: Stone             |    92 |    71 |    48 ||   211
       Large rock        |     7 |    16 |    26 ||    49
       Throwing net      |       |     6 |     4 ||    10
       Tomahawk          |       |    14 |    56 ||    70
Evoke: Wand              |       |       |     7 ||     7
  Use: Scroll            |       |    15 |     2 ||    17
       Potion            |       |     3 |     1 ||     4
 Stab: Held in net/web   |       |     1 |       ||     1
       Distracted        |       |       |     1 ||     1
       Sleeping          |       |       |     1 ||     1
  Eat: Chunk             |     2 |     9 |    22 ||    33
Armor: Robe              |    47 |    73 |    85 ||   205
       Skin              |       |    84 |       ||    84
Dodge: Dodged            |    70 |   125 |   147 ||   342
Block: Shield            |       |       |    34 ||    34
